 Dungeon Crawl Stone Soup version 0.27.0-1-g7a089689b8 (webtiles) character file.

Game seed: 7354274632227902183

38 hasubaka the Poker (level 3, 0/33 HPs)
             Began as a Minotaur Berserker on Aug 10, 2021.
             Was a Follower of Trog.
             Slain by a goblin (4 damage)
             ... on level 2 of the Dungeon.
             The game lasted 00:04:02 (733 turns).

hasubaka the Poker (Minotaur Berserker)              Turns: 733, Time: 00:04:02

Health: 0/33       AC:  2    Str: 22    XL:     3   Next: 25%
Magic:  2/2        EV: 12    Int:  4    God:    Trog [*.....]
Gold:   12         SH:  0    Dex:  9    Spells: 2/2 levels left

rFire    . . .     SeeInvis .   a - +0 spear
rCold    . . .     Faith    .   (no shield)
rNeg     . . .     Spirit   .   b - +0 animal skin
rPois    .         Reflect  .   (helmet restricted)
rElec    .         Harm     .   (no cloak)
rCorr    .         Rampage  .   (no gloves)
Will     .....                  (no boots)
Stlth    +.........             (no amulet)
HPRegen  0.11/turn              (no ring)
MPRegen  0.08/turn              (no ring)

@: no status effects
A: horns 2, retaliatory headbutt
a: Renounce Religion, Berserk


You were on level 2 of the Dungeon.
You worshipped Trog.
Trog was aware of your devotion.
You visited 1 branch of the dungeon, and saw 2 of its levels.

You collected 12 gold pieces.

Inventory:

Hand Weapons
 a - a +0 spear (weapon)
 e - a +0 club
 g - a +0 short sword
 i - a +0 short sword
 k - a +0 spear
 l - a +0 short sword
Missiles
 d - 16 poisoned darts (quivered)
 h - 5 stones
Armour
 b - a +0 animal skin (worn)
 m - a +0 robe
Scrolls
 c - 2 scrolls of magic mapping {unknown}
 f - a scroll of blinking {unknown}
 j - a scroll of identify {unknown}


   Skills:
 + Level 4.3 Fighting
 + Level 4.4 Polearms
 + Level 2.7 Armour
 + Level 2.5 Dodging


You had 2 spell levels left.
You didn't know any spells.
Your spell library was empty.

Dungeon Overview and Level Annotations

Branches:
Dungeon (2/15)

Altars:


Innate Abilities, Weirdness & Mutations

You have a pair of horns on your head.
You reflexively headbutt those who attack you in melee.


Message History

Natasha is moderately wounded.
Natasha barely misses you.
You hit Natasha. Your headbutt misses Natasha.
Natasha is severely wounded.
Natasha closely misses you.
You hit Natasha.
Natasha is almost dead.
Natasha wildly gestures.
Natasha's front paws start to glow.
Natasha claws you!
You barely miss Natasha. Your headbutt misses Natasha.
Natasha is almost dead.
Natasha misses you.
You barely miss Natasha.
Natasha is almost dead.
The goblin hits you with a +0 club.
Natasha stares at you and mumbles some strange words.
The magic dart hits you.
You hit Natasha.
Natasha is almost dead.
The goblin misses you. Natasha misses you.
You hit Natasha but do no damage.
Natasha is almost dead.
The goblin hits you but does no damage. Natasha claws you.
* * * LOW HITPOINT WARNING * * *
You hit Natasha but do no damage. You headbutt Natasha, but do no damage.
Natasha is almost dead.
The goblin hits you with a +0 club.
* * * LOW HITPOINT WARNING * * *
You hit Natasha.
You kill Natasha!
Trog accepts your kill.
Trog appreciates your killing of a magic user.
Natasha growls in agony!
You have reached level 3!
Your experience leads to an increase in your attributes!
Increase (S)trength, (I)ntelligence, or (D)exterity?
You feel stronger. The goblin hits you with a +0 club.
You die...

.# #.###
#############......
#....@g........>...
#.#########†..#....
#.# #.### # ##.#
#.# #..# #.# ##.##
#.. #..# .<. #.##
### #.#


You could see a goblin.

Vanquished Creatures
  Natasha (D:2)
  An endoplasm (D:1)
  A giant cockroach (D:1)
  A goblin (D:1)
  4 jackals
  3 kobolds (D:1)
  2 ball pythons (D:1)
  A bat (D:1)
  A rat (D:1)
15 creatures vanquished.

Notes
Turn   | Place    | Note
-------+----------+-------------------------------------------
     0 | D:1      | hasubaka the Minotaur Berserker began the quest for the
                  | Orb.
     0 | D:1      | Reached XP level 1. HP: 19/19 MP: 0/0
   430 | D:1      | Reached XP level 2. HP: 18/27 MP: 1/1
   716 | D:2      | Noticed Natasha
   727 | D:2      | Killed Natasha
   728 | D:2      | Reached XP level 3. HP: 3/33 MP: 2/2
   733 | D:2      | Slain by a goblin

Illustrated notes

Levels and vault maps discovered:
D:1:      dpeg_arrival_court, layout_loops_corners
D:2:      layout_rooms, uniq_terence, uniq_jessica, uniq_natasha

Skill      XL: |  1  2 |
---------------+-------+-----
Polearms       | 4 |  4.4
Fighting       | 4 |  4.3
Armour         | |  2.7
Dodging        | |  2.5

Action                   || total
-------------------------++-------
Melee: Spear             ||    32
       Headbutt          ||     4
Armor: Animal skin       ||     6
Dodge: Dodged            ||    28
